AoeStats
← 海霸天

Black Forest

508380377Analyzed
4v4 RM · 12d ago on Sep 22, 2026· 54m 42s· 8 players
Game mode
Random Map
Map size
Large (8 player)
Population
200
Speed
Normal
Resources
Standard
Victory
Conquest
Starting age
Dark Age
Ending age
Imperial Age
RankedLock teamsTeams togetherTeam positionsShared explorationLock speedFull tech treeHidden civsTurbo modeCheats
Victory
Defeat
🇨🇳 Mongols · China
767
+12
🇦🇺 Huns · Australia
656
+17
🇹🇷 Gurjaras · Türkiye
624
+18
🇹🇼 Bengalis · Taiwan
599
+19
🇲🇽 Persians · Mexico
777
-20
🇲🇽 Khmer · Mexico
754
-20
🇲🇽 Teutons · Mexico
651
-16
🇲🇽 Berbers · Mexico
515
-10
Sedat
4:05 Loom
10:20 Feudal Age
10:53 Double-Bit Axe
10:52 Horse Collar
21:07 Castle Age
19:04 Stone Mining
19:06 Gold Mining
20:18 Wheelbarrow
19:29 Town Watch
25:53 Town Patrol
26:10 Hand Cart
26:35 Gold Shaft Mining
26:38 Stone Shaft Mining
31:58 Imperial Age
30:28 Caravan
31:21 Murder Holes
33:31 Scale Mail Armor
33:41 Forging
33:38 Scale Barding Armor
33:59 Bow Saw
37:03 Chemistry
36:28 Chain Mail Armor
36:50 Iron Casting
36:36 Chain Barding Armor
40:19 Kshatriyas
41:01 Plate Mail Armor
41:07 Plate Barding Armor
40:15 Elite Chakram Thrower
叮咚鸡
0:35 Loom
11:58 Feudal Age
14:57 Wheelbarrow
16:36 Castle Age
15:31 Horse Collar
17:37 Gold Mining
17:48 Double-Bit Axe
18:39 Hand Cart
18:54 Heavy Plow
20:00 Bow Saw
28:22 Stone Mining
30:41 Gold Shaft Mining
31:18 Stone Shaft Mining
31:30 Forging
31:27 Scale Barding Armor
34:17 Imperial Age
31:34 Town Watch
33:02 Nomads
33:36 Bloodlines
33:27 Husbandry
34:21 Elite Steppe Lancer
34:49 Capped Ram
36:05 Drill
36:07 Conscription
36:50 Iron Casting
36:35 Chain Barding Armor
35:49 Siege Ram
41:14 Squires
41:00 Arson
40:36 Pikeman
41:49 Scale Mail Armor
42:50 Blast Furnace
47:49 Town Patrol
49:59 Chain Mail Armor
52:53 Siege Engineers
53:49 Chemistry
53:38 Light Cavalry
23a.mora
12:36 Feudal Age
13:10 Double-Bit Axe
13:07 Horse Collar
13:24 Stone Mining
13:26 Gold Mining
17:35 Forging
17:26 Scale Mail Armor
17:31 Scale Barding Armor
22:35 Castle Age
20:58 Padded Archer Armor
20:57 Fletching
24:04 Wheelbarrow
23:52 Heavy Plow
24:04 Bow Saw
24:34 Gold Shaft Mining
26:19 Caravan
26:51 Hand Cart
34:25 Imperial Age
32:48 Marauders
33:26 Iron Casting
33:07 Chain Mail Armor
33:12 Chain Barding Armor
34:18 Chain Mail Armor
34:24 Chain Barding Armor
34:01 Bodkin Arrow
36:20 Town Watch
36:21 Loom
37:43 Blast Furnace
37:19 Plate Barding Armor
36:45 Bracer
37:00 Leather Archer Armor
37:13 Town Patrol
37:19 Elite Tarkan
38:21 Conscription
38:22 Atheism
39:26 Two-Man Saw
39:42 Husbandry
39:10 Light Cavalry
海霸天
1:27 Loom
18:27 Feudal Age
19:26 Double-Bit Axe
20:19 Arson
21:55 Horse Collar
24:21 Fletching
27:20 Castle Age
25:55 Wheelbarrow
25:07 Town Watch
25:27 Man-at-Arms
26:48 Stone Mining
27:15 Gold Mining
28:21 Bodkin Arrow
28:58 Bow Saw
30:12 Guard Tower
30:57 Heavy Plow
33:29 Gold Shaft Mining
35:24 Hand Cart
40:10 Imperial Age
37:40 Town Patrol
39:45 Paiks
41:14 Conscription
41:52 Mahayana
42:56 Gambesons
42:31 Long Swordsman
43:00 Heavy Scorpion
44:17 Bracer
44:18 Padded Archer Armor
44:18 Scale Mail Armor
44:24 Scale Barding Armor
44:19 Scale Mail Armor
44:30 Forging
45:21 Keep
44:47 Murder Holes
45:14 Ballistics
45:31 Elite Ratha (Ranged)
45:34 Elite Battle Elephant
45:53 Two-Handed Swordsman
49:09 Two-Man Saw
50:53 Chain Barding Armor
50:48 Leather Archer Armor
51:26 Elite Ratha (Ranged)
Sadek
0:27 Loom
11:33 Feudal Age
12:09 Double-Bit Axe
12:44 Horse Collar
17:29 Wheelbarrow
19:35 Gold Mining
19:36 Stone Mining
19:35 Town Watch
20:39 Forging
20:35 Scale Barding Armor
20:34 Padded Archer Armor
20:29 Fletching
25:14 Castle Age
24:11 Bloodlines
26:06 Bow Saw
25:59 Heavy Plow
26:17 Hand Cart
26:42 Gold Shaft Mining
26:56 Stone Shaft Mining
28:16 Fervor
31:29 Husbandry
32:07 Iron Casting
31:28 Bodkin Arrow
33:30 Town Patrol
33:51 Masonry
34:01 Ballistics
38:04 Imperial Age
36:00 Kamandaran
36:08 Caravan
37:20 Thumb Ring
36:36 Crossbowman
39:20 Blast Furnace
38:41 Chain Barding Armor
38:55 Architecture
38:22 Murder Holes
38:55 Cavalier
40:19 Leather Archer Armor
41:48 Plate Barding Armor
41:13 Savar
43:20 Citadels
43:31 Conscription
43:34 Guilds
44:56 Elite War Elephant
52:37 Chemistry
Taquito
1:56 Loom
16:07 Feudal Age
22:01 Castle Age
20:54 Wheelbarrow
22:24 Double-Bit Axe
28:39 Forging
28:40 Scale Mail Armor
28:43 Fletching
29:51 Guard Tower
31:06 Bodkin Arrow
32:04 Bow Saw
32:07 Horse Collar
32:40 Forging
33:18 Ballistics
32:56 Heated Shot
35:17 Masonry
35:26 Scale Mail Armor
36:33 Redemption
38:29 Squires
38:17 Gambesons
37:53 Man-at-Arms
38:20 Arson
39:34 Heavy Plow
39:27 Long Swordsman
41:37 Stone Mining
41:38 Gold Mining
46:09 Chain Mail Armor
46:29 Iron Casting
Goberneitor
10:16 Loom
14:35 Feudal Age
15:15 Double-Bit Axe
15:22 Horse Collar
16:26 Wheelbarrow
15:37 Town Watch
21:17 Castle Age
23:13 Hand Cart
22:59 Town Patrol
23:44 Heavy Plow
25:28 Bow Saw
32:07 Imperial Age
29:46 Gold Mining
29:55 Stone Mining
31:51 Tusk Swords
32:57 Gold Shaft Mining
33:01 Stone Shaft Mining
32:36 Caravan
34:40 Elite Battle Elephant
37:04 Forging
36:55 Scale Mail Armor
37:00 Scale Barding Armor
38:29 Chemistry
37:25 Murder Holes
hiuch
1:03 Loom
14:45 Feudal Age
16:37 Double-Bit Axe
22:43 Castle Age
21:12 Horse Collar
23:34 Bow Saw
29:05 Gold Mining
31:55 Bloodlines
34:20 Heavy Plow
35:13 Stone Mining
37:51 Scale Barding Armor
39:54 Wheelbarrow
44:08 Kasbah
45:42 Chain Barding Armor
51:03 Pikeman
Connection lost

Rejoining the realm…

Still unreachable

The connection could not be restored.

Session expired

The server has moved on; the page needs a fresh start.